 Dungeon Crawl Stone Soup version 0.31-a0-237-g2d982f9f85 (webtiles) character file.

Game seed: 3853064400549593961

114 qw the Shooter (level 4, -4/36 HPs)
             Began as a Minotaur Hexslinger on July 11, 2023.
             Slain by a black bear (5 damage)
             ... on level 3 of the Dungeon.
             The game lasted 00:00:41 (1362 turns).

qw the Shooter (Minotaur Hexslinger)                Turns: 1362, Time: 00:00:41

Health: -4/36      AC:  3    Str: 13    XL:     4   Next: 67%
Magic:  0/4        EV: 12    Int: 10    God:
Gold:   139        SH:  0    Dex: 14    Spells: 4/5 levels left

rFire   . . .        Y - +0 shortbow
rCold   . . .        (shield currently unavailable)
rNeg    . . .        h - +0 leather armour
rPois   .            (helmet restricted)
rElec   .            (no cloak)
rCorr   .            (no gloves)
SInv    .            (no boots)
Will    .....        i - amulet of guardian spirit
Stlth   +            (no ring)
HPRegen 0.26/turn    (no ring)
MPRegen 0.09/turn

%: guardian spirit
@: no status effects
A: horns 2, retaliatory headbutt
a: no special abilities


You were on level 3 of the Dungeon.
You visited 1 branch of the dungeon, and saw 3 of its levels.

You collected 139 gold pieces.


Innate Abilities, Weirdness & Mutations

You have a pair of horns on your head.
You reflexively headbutt those who attack you in melee.


   Skills:
 + Level 2.0 Fighting
 - Level 5.2 Ranged Weapons
 - Level 2.1 Dodging
 - Level 1.0 Spellcasting
 - Level 2.0 Hexes


You had 4 spell levels left.
You knew the following spells:

 Your Spells              Type           Power      Damage    Failure   Level
a - Slow                  Hex            16%        N/A       19%         1

Your spell library contained the following spells:

 Spells                   Type           Power      Damage    Failure   Level
 Inner Flame              Hex/Fire       2%         N/A       65%         3
 Portal Projectile        Hex/Tloc       4%         N/A       65%         3
 Cause Fear               Hex            2%         N/A       88%         4

Inventory:

Hand Weapons
 Y - a +0 shortbow (weapon)
Armour
 h - a +0 leather armour (worn)
Jewellery
 a - a ring of positive energy
 i - an amulet of guardian spirit (around neck)
Scrolls
 g - a scroll of identify
Potions
 d - a potion of cancellation {unknown}
 e - 2 potions of curing
 f - a potion of magic {unknown}
 j - a potion of berserk rage {unknown}
 k - a potion of invisibility {unknown}

Dungeon Overview and Level Annotations

Branches:
Dungeon (3/15)

Altars:


Message History

The black bear claws you.
You shoot an arrow. The arrow hits the black bear.
The black bear is severely wounded.
The black bear bites you. The black bear closely misses you.
The black bear claws you but does no damage.
You shoot an arrow. The arrow barely misses the black bear.
The arrow completely misses the kobold.
The black bear bites you. The black bear barely misses you.
The black bear claws you but does no damage.
The black bear bites you. The black bear closely misses you. x2
You shoot an arrow. The arrow barely misses the black bear.
The arrow hits the kobold!
You kill the kobold!
The black bear barely misses you.
The black bear claws you but does no damage.
The black bear closely misses you.
You shoot an arrow.
The arrow closely misses the black bear.
The arrow closely misses the goblin.
The black bear bites you but does no damage.
The black bear claws you but does no damage.
The black bear closely misses you.
A worm comes into view.
You shoot an arrow. The arrow barely misses the black bear.
The arrow hits the goblin!
You kill the goblin!
The black bear closely misses you. The black bear claws you.
The black bear barely misses you.
You shoot an arrow.
The arrow closely misses the black bear.
The arrow barely misses the worm.
The black bear bites you. The black bear barely misses you.
The black bear claws you. The black bear bites you!
The black bear claws you but does no damage.
The black bear barely misses you.
You shoot an arrow.
The arrow hits the black bear but does no damage.
The black bear is heavily wounded.
The black bear bites you.
You die...

.......#...###.#
.........#...#.##
........####.#..#######
........# #..#........
...>....# ##...######.
........# ###........
.......# #..####..
....... #.##..## ......
#.@hw..# #..##..# #.##
# #.# #.# ..# #.. ..


You could see a black bear and a worm.

Vanquished Creatures
  Natasha (D:3)
  3 adders (D:2)
  2 dart slugs
  3 endoplasms
  4 giant cockroaches
  3 hobgoblins
  3 jackals (D:1)
  5 kobolds
  3 quokkas
  4 ball pythons
  9 bats
  6 frilled lizards
  7 goblins
  A rat (D:2)
54 creatures vanquished.

Notes
Turn   | Place    | Note
-------+----------+-------------------------------------------
     0 | D:1      | qw the Minotaur Hexslinger began the quest for the Orb.
     0 | D:1      | Reached XP level 1. HP: 16/16 MP: 1/1
     0 | D:1      | 0 ||| qw: Version: 0.3-a-52-g30416fa
     0 | D:1      | 0 ||| qw: Game counter: 5411
     0 | D:1      | 0 ||| qw: Melee chars always use a shield: true
     0 | D:1      | 0 ||| qw: God list: Okawaru
     0 | D:1      | 0 ||| qw: Allow faded altars: false
     0 | D:1      | 0 ||| qw: Do Orc after clearing Dungeon:15 true
     0 | D:1      | 0 ||| qw: Do second Lair branch before Depths: true
     0 | D:1      | 0 ||| qw: Lair rune preference: random
     0 | D:1      | 0 ||| qw: Goals: Normal
     0 | D:1      | 0 ||| PLANNING D:1-11
    47 | D:1      | Reached skill level 3 in Ranged Weapons
    49 | D:1      | Reached XP level 2. HP: 23/23 MP: 2/2
   133 | D:1      | 133 ||| FLEEEEING.
   195 | D:1      | Found a faded altar of an unknown god.
   381 | D:1      | Reached XP level 3. HP: 28/29 MP: 3/3
   405 | D:1      | 405 ||| UPGRADING to +0 leather armour.
   415 | D:1      | 415 ||| DROPPING +0 robe.
   416 | D:1      | 416 ||| UPGRADING to amulet of guardian spirit.
   421 | D:1      | 421 ||| READING scroll labelled LUUM ZAGOGUCW.
   422 | D:1      | 422 ||| READING scroll labelled MAAXEIK OSAAKK.
   423 | D:1      | 423 ||| DROPPING scroll of poison.
   473 | D:2      | Reached skill level 4 in Ranged Weapons
   577 | D:2      | 577 ||| SWAPPING to +0 shortbow.
   578 | D:2      | 578 ||| DROPPING +1 sling.
   700 | D:2      | Reached XP level 4. HP: 36/36 MP: 4/4
  1035 | D:2      | 1035 ||| READING scroll labelled CEX MELAALI.
  1036 | D:2      | 1036 ||| READING scroll labelled PACOIV UDESKAJY.
  1037 | D:2      | 1037 ||| DRINKING 2 orange potions.
  1180 | D:3      | Noticed Natasha
  1191 | D:3      | Killed Natasha
  1192 | D:3      | Reached skill level 5 in Ranged Weapons
  1345 | D:3      | Noticed a black bear
  1361 | D:3      | HP: 9/36 [black bear (4)]
  1361 | D:3      | HP: 1/36 [black bear (7)]
  1362 | D:3      | Slain by a black bear

Levels and vault maps discovered:
D:1:      scummos_arrival_simple_crosswalls, layout_rooms,
          ebering_ecumenical_altar_hall
D:2:      layout_rooms, chequers_big_river
D:3:      layout_rooms, minmay_close_crescents, uniq_natasha

Skill      XL: |  1  2  3  4 |
---------------+-------------+-----
Ranged Weapons | 3 4 5 |  5.2
Fighting       | 2 |  2.0
Dodging        | |  2.1
Spellcasting   | |  1.0
Hexes          | |  2.0

Action                     |  1- 3 |  4- 6 || total
---------------------------+-------+-------++-------
   Fire: Sling             |    79 |       ||    79
         Shortbow          |    25 |    52 ||    77
    Use: Scroll            |     2 |     2 ||     4
         Potion            |       |     1 ||     1
 Armour: Robe              |     2 |       ||     2
         Leather armour    |     5 |    18 ||    23
  Dodge: Dodged            |    20 |    40 ||    60

Table legend:
 A = Non-vault XP
 B = Vault XP
 C = Vault XP percentage of total XP
 D = Non-vault monster count
 E = Vault monster count
 F = Vault count percentage of total count
                 A         B        C        D         E       F
            +---------+---------+-------+---------+---------+-------
      Total |     124 |      40 |  24.4 |      51 |       3 |   5.6
            +---------+---------+-------+---------+---------+-------
        D:1 |      41 |       0 |   0.0 |      22 |       0 |   0.0
        D:2 |      73 |       0 |   0.0 |      22 |       0 |   0.0
        D:3 |      10 |      40 |  80.0 |       7 |       3 |  30.0
            +---------+---------+-------+---------+---------+-------
